 Dungeon Crawl Stone Soup version 0.28-a0-1518-gbe868bca14 (webtiles) character file.

Game seed: 3380854155202354832

209 oldriver the Slasher (level 5, 0/47 HPs)
             Began as a Gnoll Cinder Acolyte on Jan 16, 2022.
             Was a High Priest of Ignis.
             Slain by a jelly (3 damage)
             ... on level 4 of the Dungeon.
             The game lasted 00:04:27 (4181 turns).

oldriver the Slasher (Gnoll Cinder Acolyte)         Turns: 4181, Time: 00:04:28

Health: 0/47       AC: 12    Str: 16    XL:     5   Next: 87%
Magic:  1/18       EV: 10    Int: 13    God:    Ignis [*****.]
Gold:   135        SH:  0    Dex:  7    Spells: 8/10 levels left

rFire   + . .      SeeInvis .   g - +0 whip (elec)
rCold   . . .      Faith    .   (no shield)
rNeg    . . .      Spirit   .   h - +0 ring mail
rPois   .          Reflect  .   (no helmet)
rElec   .          Harm     .   (no cloak)
rCorr   .          Rampage  .   (no gloves)
Will    .....                   (no boots)
Stlth   +.........              (no amulet)
HPRegen 0.15/turn               d - ring of magical power
MPRegen 0.16/turn               (no ring)

@: brilliant, attractive, fiery-armoured
A: fangs 1, strong nose, distributed training
a: Renounce Religion, Fiery Armour, Foxfire Swarm, Rising Flame


You were on level 4 of the Dungeon.
You worshipped Ignis.
Ignis was extremely pleased with you.
You visited 1 branch of the dungeon, and saw 4 of its levels.

You collected 135 gold pieces.

Inventory:

Hand Weapons
 a - a -1 falchion of flaming
 g - a +0 whip of electrocution (weapon)
Armour
 b - a +0 robe
 h - a +0 ring mail (worn)
Jewellery
 d - a ring of magical power (left hand)
Scrolls
 c - a scroll of identify
 f - 2 scrolls of teleportation
 k - a scroll of magic mapping
Potions
 e - a potion of attraction


   Skills:
 + Level 6.7 Fighting
 + Level 1.6 Short Blades
 + Level 6.7 Long Blades
 + Level 1.6 Axes
 + Level 1.6 Maces & Flails
 + Level 1.6 Polearms
 + Level 1.6 Staves
 + Level 1.6 Slings
 + Level 1.6 Bows
 + Level 1.6 Crossbows
 + Level 1.6 Throwing
 + Level 1.6 Armour
 + Level 1.6 Dodging
 + Level 1.6 Stealth
 + Level 1.6 Shields
 + Level 1.6 Unarmed Combat
 + Level 3.2 Spellcasting
 + Level 1.3 Conjurations
 + Level 1.3 Hexes
 + Level 1.3 Summonings
 + Level 1.3 Necromancy
 + Level 1.3 Translocations
 + Level 1.3 Transmutations
 + Level 5.6 Fire Magic
 + Level 1.3 Ice Magic
 + Level 1.3 Air Magic
 + Level 1.3 Earth Magic
 + Level 1.3 Poison Magic
 + Level 1.9 Invocations
 + Level 1.6 Evocations


You had 8 spell levels left.
You knew the following spells:

 Your Spells              Type           Power      Damage    Failure   Level
a - Scorch                Fire           50%        2d7       6%          2

Your spell library contained the following spells:

 Spells                   Type           Power      Damage    Failure   Level
 Blink                    Tloc           16%        N/A       36%         2
 Ensorcelled Hibernation  Hex/Ice        16%        N/A       36%         2
 Passwall                 Tmut/Erth      6%         N/A       36%         2
 Gell's Gravitas          Tloc           8%         N/A       58%         3
 Lesser Beckoning         Tloc           8%         N/A       58%         3
 Swiftness                Air            8%         N/A       58%         3
 Teleport Other           Tloc           8%         N/A       58%         3
 Manifold Assault         Tloc           8%         N/A       100%        5


Dungeon Overview and Level Annotations

Branches:
Dungeon (4/15)
 Temple: D:4-7

Altars:

Shops:
D:1 :   D:2 !

Annotations:
D:3 3 runed translucent doors, snaxamus's ghost, amateur OgBe


Innate Abilities, Weirdness & Mutations

You have very sharp teeth.
Your uncanny sense of smell can sniff out nearby items.
Your experience applies equally to all skills.


Message History

The orc priest hits you with a +0 short sword.
You barely miss the orc priest.
The orc priest is severely wounded.
The jelly barely misses you. The orc priest misses you.
You hit the orc priest but do no damage.
You bite the orc priest, but do no damage.
The orc priest is severely wounded.
The jelly hits you but does no damage.
The orc priest hits you with a +0 short sword.
Flames lash the orc priest but do no damage.
The jelly barely misses you.
The orc priest hits you with a +0 short sword.
You hit the orc priest but do no damage.
The orc priest is severely wounded.
The jelly hits you.
You are splashed with acid!
The orc priest calls down the wrath of Beogh upon you.
Beogh smites you!
* * * LOW HITPOINT WARNING * * *
It was a potion of attraction.
You feel attractive to monsters. The jelly barely misses you.
The orc priest hits you with a +0 short sword.
* * * LOW HITPOINT WARNING * * *
It was a potion of brilliance.
You feel clever all of a sudden. The jelly hits you but does no damage.
The orc priest looks encouraged for a moment.
Okay, then.
You aren't carrying any items that you can evoke.
Unknown command.
A protective cloak of flame settles atop you.
The jelly hits you but does no damage.
The jelly is burned by your cloak of flames.
The jelly is heavily wounded.
The orc priest barely misses you.
You hit the orc priest but do no damage.
The orc priest is severely wounded.
The orc priest is no longer more vulnerable to fire.
The jelly hits you.
You die...

..........#########.#
..........# #.#
..........# #.#
....o.....# #.#
############# #.#
#.#8###8###8## #.#
#............## #.#
#^.......J...8# #.#
#.......@o...## #.#
### ###8###8##...#
#.# #.. ### ####.).#
#.# #.# #8...8#
#.###.# ##o.$##
#.g.g.# #...# #######
#.o.# 8..o8 ∆ #...##


You could see a jelly and an orc priest.

Vanquished Creatures
  2 jellies
  A centaur skeleton (D:4)
  Terence (D:2)
  2 worms
  4 dart slugs
  5 orcs
  6 ball pythons
  7 endoplasms
  A giant cockroach (D:3)
  2 hobgoblins
  11 jackals
  3 quokkas
  11 bats
  4 frilled lizards
  A goblin (D:3)
  8 kobolds
  A quokka skeleton (D:3)
  2 rats
72 creatures vanquished.

Notes
Turn   | Place    | Note
-------+----------+-------------------------------------------
     0 | D:1      | oldriver the Gnoll Cinder Acolyte began the quest for the
                  | Orb.
     0 | D:1      | Reached XP level 1. HP: 23/23 MP: 4/4
   492 | D:1      | Reached XP level 2. HP: 29/29 MP: 5/5
   692 | D:1      | Learned a level 2 spell: Scorch
   807 | D:1      | Found Ped Gos's Book Boutique.
   973 | D:1      | Reached XP level 3. HP: 26/35 MP: 2/7
  1953 | D:2      | Reached skill level 1 in Invocations
  2107 | D:2      | Noticed Terence
  2114 | D:2      | Killed Terence
  2115 | D:2      | Reached skill level 1 in Short Blades
  2115 | D:2      | Reached skill level 1 in Axes
  2115 | D:2      | Reached skill level 1 in Maces & Flails
  2115 | D:2      | Reached skill level 1 in Polearms
  2115 | D:2      | Reached skill level 1 in Staves
  2115 | D:2      | Reached skill level 1 in Slings
  2115 | D:2      | Reached skill level 1 in Bows
  2115 | D:2      | Reached skill level 1 in Crossbows
  2115 | D:2      | Reached skill level 1 in Throwing
  2115 | D:2      | Reached skill level 1 in Armour
  2115 | D:2      | Reached skill level 1 in Dodging
  2115 | D:2      | Reached skill level 1 in Stealth
  2115 | D:2      | Reached skill level 1 in Shields
  2115 | D:2      | Reached skill level 1 in Unarmed Combat
  2115 | D:2      | Reached skill level 1 in Evocations
  2115 | D:2      | Reached XP level 4. HP: 38/41 MP: 1/8
  2497 | D:2      | Found Iggagoff's Distillery.
  2826 | D:2      | Reached skill level 1 in Conjurations
  2826 | D:2      | Reached skill level 1 in Hexes
  2826 | D:2      | Reached skill level 1 in Summonings
  2826 | D:2      | Reached skill level 1 in Necromancy
  2826 | D:2      | Reached skill level 1 in Translocations
  2826 | D:2      | Reached skill level 1 in Transmutations
  2826 | D:2      | Reached skill level 1 in Ice Magic
  2826 | D:2      | Reached skill level 1 in Air Magic
  2826 | D:2      | Reached skill level 1 in Earth Magic
  2826 | D:2      | Reached skill level 1 in Poison Magic
  3058 | D:3      | Noticed snaxamus's ghost (amateur OgBe)
  3062 | D:3      | Reached XP level 5. HP: 47/47 MP: 9/9
  3096 | D:3      | Found a runed translucent gate.
  3096 | D:3      | Found a runed translucent gate.
  3096 | D:3      | Found a runed translucent gate.
  3775 | D:4      | Noticed a phantom
  3910 | D:4      | Noticed an orc warrior
  4181 | D:4      | Slain by a jelly

Illustrated notes

Levels and vault maps discovered:
D:1:      erik_arrival_triangle_medium, layout_basic, serial_shops, shop,
          chequers_serial_rivers_micro_b
D:2:      cheibrodos_old_hovel, layout_basic, serial_shops, shop_statue,
          uniq_terence
D:3:      layout_basic, gammafunk_ghost_split
D:4:      layout_basic, minivault_5, corexii_hall_statues_l

Skill      XL: |  1  2  3  4 |
---------------+-------------+-----
Invocations    | 1 |  1.9
Short Blades   | 1 |  1.6
Axes           | 1 |  1.6
Maces & Flails | 1 |  1.6
Polearms       | 1 |  1.6
Staves         | 1 |  1.6
Slings         | 1 |  1.6
Bows           | 1 |  1.6
Crossbows      | 1 |  1.6
Throwing       | 1 |  1.6
Armour         | 1 |  1.6
Dodging        | 1 |  1.6
Stealth        | 1 |  1.6
Shields        | 1 |  1.6
Unarmed Combat | 1 |  1.6
Spellcasting   | 3 |  3.2
Evocations     | 1 |  1.6
Conjurations   | 1 |  1.3
Hexes          | 1 |  1.3
Summonings     | 1 |  1.3
Necromancy     | 1 |  1.3
Translocations | 1 |  1.3
Transmutations | 1 |  1.3
Ice Magic      | 1 |  1.3
Air Magic      | 1 |  1.3
Earth Magic    | 1 |  1.3
Poison Magic   | 1 |  1.3
Fighting       | |  6.7
Long Blades    | |  6.7
Fire Magic     | |  5.6

Action                   |  1- 3 |  4- 6 || total
-------------------------+-------+-------++-------
Melee: Falchion          |    51 |       ||    51
       Bite              |     2 |     5 ||     7
       Whip              |     4 |    23 ||    27
 Cast: Scorch            |    32 |    45 ||    77
Invok: Fiery Armour      |       |     2 ||     2
  Use: Scroll            |       |     4 ||     4
       Potion            |       |     2 ||     2
Armor: Robe              |    14 |       ||    14
       Ring mail         |       |    24 ||    24
Dodge: Dodged            |    43 |    32 ||    75

Table legend: (Time is in decaauts)
 A = Elapsed time spent in this place.
 B = Non-inter-level travel time spent in this place.
 C = Inter-level travel time spent in this place.
 D = Time resting spent in this place.
 E = Time spent auto-exploring this place.
 F = Levels seen in this place.
 G = Mean time per level.
                   A        B        C        D        E       F      G
               +--------+--------+--------+--------+--------+-----+--------+
         Total |   4180 |   4067 |    113 |    827 |   2709 |   4 | 1045.0 |
       Dungeon |   4180 |   4067 |    113 |    827 |   2709 |   4 | 1045.0 |
               +--------+--------+--------+--------+--------+-----+--------+

Top non-repeatable levels by time:
     D:1: 1808 daAuts
     D:2: 1246 daAuts
     D:3: 705 daAuts
     D:4: 418 daAuts
